Cogmind - Beta 13 @@@ ROGUE MODE // 2024.03.12 @ 09:26:14 Player: Peace Result: Destroyed by S-10 Pest with Light Assault Rifle Performance ------------- Evolutions (2) 1000 Regions Visited (5) 1000 Robots Destroyed (22) 110 Value Destroyed (648) 648 Prototype IDs (5) 100 Alien Tech Used (0) 0 Bonus (0) 0 TOTAL SCORE: 2858 Bonus ------- None Cogmind --------- Core Integrity 0/550 Matter 294/300 Energy 99/100 System Corruption 12% Temperature Cool (0) Movement Core (50) Location -8/Storage Parts ------- > --- POWER (1) -------- (None) > --- PROPULSION (4) --- (None) > --- UTILITY (4) ------ Target Analyzer > --- WEAPON (2) ------- (None) > --- INVENTORY (5) ---- Compact Battery (200) Terrain Scan Processor Reaction Control System Hacking Suite Scythe Peak State ------------ > --- POWER ------------ Light Nuclear Core > --- PROPULSION ------- Aluminum Leg Carbon-fiber Leg Carbon-fiber Leg > --- UTILITY ---------- Advanced Visual Processing Unit Improved Terrain Scan Processor Target Analyzer Improved Utility Shielding > --- WEAPON ----------- Axe > --- INVENTORY -------- Compact Battery Terrain Scan Processor Reaction Control System Hacking Suite Scythe [Rating: 26] Favorites ----------- Power Ion Engine Engine Ion Engine Power Core Light Nuclear Core Propulsion Aluminum Leg Treads Improved Treads Leg Aluminum Leg Hover Unit Airjet Flight Unit Cesium-ion Thruster Utility Advanced Visual Processing Unit Device Experimental Sensor Array Storage Small Storage Unit Processor Advanced Visual Processing Unit Protection Improved Utility Shielding Weapon Light Assault Rifle Energy Gun Beamcaster Ballistic Gun Light Assault Rifle Slashing Weapon Axe Build | -11 -10 -10 -9 -8 -8 ------- Run | Yrd Mat Min Mat Mat Sto Slots Evolved 4 | . . . 2 2 . Power . | . . . . . . Propulsion 2 | . . . 1 1 . Utility 2 | . . . 1 1 . Weapon . | . . . . . . Parts Attached 40 | 6 1 11 5 15 2 Power 5 | 1 . 2 1 1 . Engine 4 | 1 . 2 1 . . Core 1 | . . . . 1 . Reactor . | . . . . . . Propulsion 14 | 2 . 4 1 7 . Treads 1 | . . . 1 . . Leg 8 | 2 . 2 . 4 . Wheel . | . . . . . . Hover 3 | . . . . 3 . Flight 2 | . . 2 . . . Utility 10 | 1 1 1 1 4 2 Device 2 | . . . 1 . 1 Storage 1 | 1 . . . . . Processor 4 | . 1 1 . 1 1 Hackware . | . . . . . . Protection 3 | . . . . 3 . Artifact . | . . . . . . Weapon 11 | 2 . 4 2 3 . Energy Gun 4 | . . 2 2 . . Energy Cannon . | . . . . . . Ballistic Gun 5 | 2 . 2 . 1 . Ballistic Cannon . | . . . . . . Launcher . | . . . . . . Special Weapon . | . . . . . . Impact Weapon . | . . . . . . Slashing Weapon 2 | . . . . 2 . Piercing Weapon . | . . . . . . Special Melee Weapon . | . . . . . . Unidentified Prototypes 1 | . . . 1 . . Parts Lost 28 | . . 2 10 7 9 Power 3 | . . . 2 . 1 Propulsion 12 | . . 2 3 4 3 Utility 8 | . . . 2 2 4 Weapon 5 | . . . 3 1 1 Highest Loss Streak 10 | . . 1 10 7 7 To Critical Strikes . | . . . . . . Average Slot Usage (%) 65 | . 87 64 64 66 43 Engine 5 | . 14 6 8 . . Leg 14 | . 28 13 14 10 11 Hover 3 | . . . . 13 . Flight 2 | . . 6 . . . Device 1 | . . . 9 . 1 Storage 8 | . 14 14 9 . . Processor 11 | . 1 14 11 9 14 Protection 6 | . . . . 22 7 Energy Gun 4 | . . 7 10 . . Ballistic Gun 4 | . 28 2 . 2 . Slashing Weapon 1 | . . . . 6 4 Naked Turns . | . . . . . . Heaviest Build 17 | 12 12 15 16 17 10 Greatest Support 40 | 20 20 20 23 40 40 Greatest Overweight (x) 4 | 3 . 4 . 2 2 Average Overweight (x) . | . . . . . . Largest Inventory Capacity 8 | 8 8 8 8 5 5 Average Capacity 6 | 7 8 8 7 5 5 Most Carried 8 | 4 8 8 7 5 5 Average Carried 5 | 1 4 7 6 4 5 Final Capacity 8 | 8 8 8 5 5 5 Final Carried 8 | 4 8 8 5 5 5 Class Distribution -------------------- 100% | Mutant Dominant Class ---------------- Mutant | -10/Materials Mutant | -10/Mines Mutant | -9/Materials Mutant | -8/Materials Mutant | -8/Storage Resources | -11 -10 -10 -9 -8 -8 ----------- Run | Yrd Mat Min Mat Mat Sto Matter Collected 538 | 212 43 123 55 105 . Remotely . | . . . . . . Salvage Created 781 | . 43 128 390 200 20 Parts 48 | . 4 11 21 12 . Haulers Intercepted . | . . . . . . Recyclers Shooed . | . . . . . . Parts Field Recycled . | . . . . . . Retrieved Matter . | . . . . . . Parts Self-Destructed . | . . . . . . Prevented . | . . . . . . Kills | -11 -10 -10 -9 -8 -8 ------- Run | Yrd Mat Min Mat Mat Sto Combat Hostiles Destroyed 22 | . 3 4 10 4 1 Melee 5 | . . . . 4 1 Guns 16 | . 3 4 9 . . Classes Destroyed 4 | . 1 1 1 1 . Swarmer 9 | . 3 2 3 . 1 Grunt 9 | . . 2 5 2 . Sentry 3 | . . . 2 1 . Hunter 1 | . . . . 1 . Best Kill Streak 6 | . 3 2 6 3 1 Combat Bots Only 6 | . 3 2 6 3 1 Max Kills in Single Turn 1 | . 1 1 1 1 1 Gunslinging . | . . . . . . Exploded . | . . . . . . Melee 1 | . . . . 1 1 Uniques/NPCs Destroyed . | . . . . . . Combat | -11 -10 -10 -9 -8 -8 -------- Run | Yrd Mat Min Mat Mat Sto Hostile Shots Fired 308 | . 11 37 109 83 68 Missed 79 | . 5 4 28 18 24 Damage Taken 3155 | . 46 315 1108 1225 461 Core 1061 | . . 148 360 362 191 Absorbed by Shields . | . . . . . . Redirected to Shielding 87 | . . . . 60 27 Ignored by Resistances 64 | . . . . 64 . Core Remaining (%) 50 | 100 . 40 10 . . Volleys Fired 72 | . 4 20 48 . . Largest 2 | . 2 1 1 . . Hottest 75 | . 40 75 75 . . Shots Fired 76 | . 8 20 48 . . Gun 76 | . 8 20 48 . . Cannon . | . . . . . . Launcher . | . . . . . . Special . | . . . . . . Kinetic 8 | . 8 . . . . Thermal 68 | . . 20 48 . . Explosive . | . . . . . . Electromagnetic . | . . . . . . Robot Hit Streak 8 | . 3 7 8 . . Robot Miss Streak 3 | . 1 3 1 . . Penetration Max . | . . . . . . Secondary Targets . | . . . . . . Shots Hit Robots 70 | . 5 11 38 14 2 Core Hits 29 | . 4 5 13 6 1 Critical Kills . | . . . . . . Critical Parts Destroyed . | . . . . . . Critical Strikes 7 | . . 2 3 2 . Burn 5 | . . 2 3 . . Sever 2 | . . . . 2 . Melee Attacks 33 | . . . . 27 6 Impact . | . . . . . . Slashing 33 | . . . . 27 6 Piercing . | . . . . . . Sneak Attacks . | . . . . . . Combat Hostiles . | . . . . . . Follow-up Attacks . | . . . . . . Damage Inflicted 1410 | . 42 219 610 484 55 Guns 871 | . 42 219 610 . . Cannons . | . . . . . . Explosions . | . . . . . . Melee 539 | . . . . 484 55 Ramming . | . . . . . . Kinetic 42 | . 42 . . . . Thermal 829 | . . 219 610 . . Explosive . | . . . . . . Electromagnetic . | . . . . . . Impact . | . . . . . . Slashing 539 | . . . . 484 55 Piercing . | . . . . . . Highest Corruption 12 | . . . . 5 12 Average Corruption 6 | . . . . 5 8 Corruption Purged . | . . . . . . Corruption Blocked . | . . . . . . Effects 12 | . . . . 5 7 Message Errors 3 | . . . . 1 2 Matter Fused 1 | . . . . . 1 Energy Discharges 4 | . . . . 1 3 Data Loss (minor) 2 | . . . . 2 . Data Loss (major) 1 | . . . . 1 . Misdirections 1 | . . . . . 1 Overload Shots . | . . . . . . Overflow Damage 8 | . . . . . 8 Projectiles . | . . . . . . Explosions . | . . . . . . Melee 8 | . . . . . 8 Knockbacks . | . . . . . . Impact . | . . . . . . Kinetic . | . . . . . . Secondary . | . . . . . . Self-Inflicted Damage . | . . . . . . Shots . | . . . . . . Rammed 1 | . . . . . 1 Targets Rammed 1 | . . . . . 1 Kicked . | . . . . . . Crushed . | . . . . . . Highest Temperature 454 | . . 217 454 21 . Average Temperature 239 | . . 58 315 13 . Received Heat Transfer 822 | . . 87 393 243 99 Effects 6 | . . . 6 . . Shutdowns 1 | . . . 1 . . Energy Bleed 2 | . . . 2 . . Matter Decay 1 | . . . 1 . . Damage (minor) 2 | . . . 2 . . Siege Activations . | . . . . . . Robots Corrupted . | . . . . . . Combat Hostiles . | . . . . . . Parts Fried . | . . . . . . Impact Corruptions . | . . . . . . Robots Melted 1 | . . . 1 . . Combat Hostiles 1 | . . . 1 . . Parts Melted 11 | . . 3 8 . . Heat Transferred 2174 | . . 629 1545 . . Parts Sabotaged . | . . . . . . Parts Stolen . | . . . . . . Parts Stripped . | . . . . . . Power Chain Reactions . | . . . . . . Alert | -11 -10 -10 -9 -8 -8 ------- Run | Yrd Mat Min Mat Mat Sto Peak Influence 230 | . 100 149 230 213 190 Initial 88 | . . 39 . 88 5 Average 58 | . 48 37 105 77 54 Maximum Alert Level 1 | . . . 1 1 . Low Security (%) 96 | 100 100 100 75 99 100 Level 1 3 | . . . 24 . . Level 2 . | . . . . . . Level 3 . | . . . . . . Level 4 . | . . . . . . Level 5 . | . . . . . . High Security . | . . . . . . Max Security . | . . . . . . Squads Dispatched 5 | . . . 2 3 . Investigation 1 | . . . 1 . . Extermination . | . . . . . . Reinforcement 4 | . . . 1 3 . Assault . | . . . . . . Garrison . | . . . . . . Intercept . | . . . . . . Searches Triggered . | . . . . . . Construction Impeded . | . . . . . . Haulers Reinforced . | . . . . . . Active Scanning Responses . | . . . . . . Cargo Convoy Interrupts . | . . . . . . Stealth | -11 -10 -10 -9 -8 -8 --------- Run | Yrd Mat Min Mat Mat Sto Distress Signals 5 | . 1 . 1 2 1 Communications Jammed . | . . . . . . Distress Signals . | . . . . . . Times Spotted 61 | . 5 4 16 18 18 Peak Tracking Total 13 | . 3 2 13 8 10 Tactical Retreats 8 | . 1 . . 4 3 Traps | -11 -10 -10 -9 -8 -8 ------- Run | Yrd Mat Min Mat Mat Sto Traps Triggered 1 | . . 1 . . . Indirectly . | . . . . . . Trap Hack Attempts . | . . . . . . Triggered . | . . . . . . Disarmed . | . . . . . . Reprogrammed . | . . . . . . Reused . | . . . . . . Traps Extracted . | . . . . . . Installed . | . . . . . . Triggered . | . . . . . . Machines | -11 -10 -10 -9 -8 -8 ---------- Run | Yrd Mat Min Mat Mat Sto Machines Disabled 1 | . . 1 . . . Max in Single Turn 1 | . . 1 . . . Machines Repaired . | . . . . . . Machines Dismantled . | . . . . . . Machines Sabotaged . | . . . . . . Overloaded Fab Kills . | . . . . . . Hacking | -11 -10 -10 -9 -8 -8 --------- Run | Yrd Mat Min Mat Mat Sto Machines Accessed 7 | . 1 1 1 2 2 Terminals 6 | . 1 . 1 2 2 Fabricators . | . . . . . . Repair Stations . | . . . . . . Recycling Units . | . . . . . . Scanalyzers . | . . . . . . Garrison Access . | . . . . . . Total Hacks 17 | . 3 1 3 7 3 Successful 7 | . 1 1 . 3 2 Failed 10 | . 2 . 3 4 1 Catastrophic 3 | . . . 1 1 1 Database Lockouts . | . . . . . . Manual 2 | . . . . 1 1 Terminals 16 | . 3 . 3 7 3 Fabricators . | . . . . . . Repair Stations . | . . . . . . Recycling Units . | . . . . . . Scanalyzers . | . . . . . . Garrison Access . | . . . . . . Terminal Hacks 7 | . 1 1 . 3 2 Record 1 | . . . . . 1 Prototype ID Bank 2 | . 1 . . 1 . Open Door 2 | . . 1 . . 1 Unreport Threat 2 | . . . . 2 . Fabricator Hacks . | . . . . . . Repair Station Hacks . | . . . . . . Recycling Unit Hacks . | . . . . . . Scanalyzer . | . . . . . . Garrison Access Hacks . | . . . . . . Unauthorized Hacks . | . . . . . . Terminals . | . . . . . . Fabricators . | . . . . . . Repair Stations . | . . . . . . Recycling Units . | . . . . . . Scanalyzers . | . . . . . . Garrison Access . | . . . . . . Data Cores Recovered . | . . . . . . Used . | . . . . . . Hacking Detections 5 | . 1 . 1 2 1 Full Trace Events 1 | . . . 1 . . Feedback Events . | . . . . . . Feedback Blocked . | . . . . . . Robot Schematics Acquired . | . . . . . . Robots Built . | . . . . . . Authchips . | . . . . . . Time . | . . . . . . Total Robot Build Rating . | . . . . . . Part Schematics Acquired . | . . . . . . Parts Built . | . . . . . . Authchips . | . . . . . . Time . | . . . . . . Total Part Build Rating . | . . . . . . Parts Repaired . | . . . . . . Time . | . . . . . . Parts Recycled . | . . . . . . Recycled Matter . | . . . . . . Retrieved Matter . | . . . . . . Retrieved Components . | . . . . . . Parts Scanalyzed . | . . . . . . Part Schematics Acquired . | . . . . . . Parts Damaged . | . . . . . . Bothacking | -11 -10 -10 -9 -8 -8 ------------ Run | Yrd Mat Min Mat Mat Sto Used RIF Installer . | . . . . . . Robots Hacked . | . . . . . . Non-combat . | . . . . . . Combat . | . . . . . . Robot Hacks Applied . | . . . . . . Relay Couplers Released . | . . . . . . Fabnet Peak Effective % . | . . . . . . Robots Rewired . | . . . . . . Allies Hacked . | . . . . . . Hacks Repelled . | . . . . . . Allies | -11 -10 -10 -9 -8 -8 -------- Run | Yrd Mat Min Mat Mat Sto Total Allies . | . . . . . . Largest Group . | . . . . . . Highest-Rated Group . | . . . . . . Highest-Rated Ally . | . . . . . . Total Orders . | . . . . . . Ally Attacks . | . . . . . . Total Damage . | . . . . . . Kills . | . . . . . . Allies Corrupted . | . . . . . . Allies Melted . | . . . . . . Intel | -11 -10 -10 -9 -8 -8 ------- Run | Yrd Mat Min Mat Mat Sto Robot Analysis Total . | . . . . . . Derelict Logs Recovered 1 | . . 1 . . . Drone Launches 2 | . . . . . 2 Drone Recoveries 2 | . . . . . 2 Exploration | -11 -10 -10 -9 -8 -8 ------------- Run | Yrd Mat Min Mat Mat Sto Turns Passed 1851 | 59 228 687 258 451 168 Spaces Moved 1168 | 43 86 437 144 284 174 Core 191 | 18 . 10 37 6 120 Treads 1 | . . . 1 . . Legs 594 | 25 86 268 106 55 54 Wheels . | . . . . . . Hover 223 | . . . . 223 . Flight 159 | . . 159 . . . Fastest Speed 35 | 50 120 35 50 62 50 Average Speed 103 | 109 120 101 102 119 74 Slowest Speed 250 | 200 120 250 160 190 150 Overloaded Moves . | . . . . . . Propulsion Burnouts . | . . . . . . Robots Hopped 1 | . . 1 . . . Cave-ins Triggered 1 | . . . . 1 . Exploration Rate (%) 30 | 4 19 72 19 41 30 Regions Visited 5 Branch Regions 2 Pre-discovered Areas . | . . . . . . Known Exits Taken . | . . . . . . Unknown Exits Taken 5 | 1 1 1 1 1 . Scrap Searched . | . . . . . . Spaces Dug 8 | . . . . 8 . Terrain Destroyed 8 | . . . . 8 . Melee 8 | . . . . 8 . Projectile . | . . . . . . AOE . | . . . . . . Terrain Rammed . | . . . . . . Walls Destroyed . | . . . . . . Machines Disabled . | . . . . . . Actions | -11 -10 -10 -9 -8 -8 --------- Run | Yrd Mat Min Mat Mat Sto Total 1669 | 52 205 662 205 345 200 Wait 318 | . 107 178 8 8 17 Move 1160 | 42 85 434 143 282 174 Hop 1 | . . 1 . . . Pick Up 26 | 4 6 6 1 9 . Fast Attach 26 | 6 1 8 1 8 2 Attach 13 | . . 2 4 7 . Detach 3 | . . 3 . . . Swap 1 | . . 1 . . . Drop 14 | . 2 9 . 3 . Fire 72 | . 4 20 48 . . Melee 33 | . . . . 27 6 Ram 1 | . . . . . 1 Kick . | . . . . . . Crush . | . . . . . . Escape Stasis 1 | . . . . 1 . Rewire . | . . . . . . Trap . | . . . . . . Miscellaneous . | . . . . . . Route ------- -11/Scrapyard -10/Materials -10/Mines (discovered 2 exits: *Mat x2) -9/Materials (discovered 2 exits: *Mat / Min) -8/Materials -8/Storage History --------- Turn | Location | Event 21 | -11/Scrapyard | Discovered new exit (range 15) 60 | -11/Scrapyard | Entered Materials 267 | -10/Materials | Discovered new exit (range 18) 288 | -10/Materials | Entered Mines 298 | -10/Mines | Met a Derelict who couldn't figure out how to use a Trap Extractor 318 | -10/Mines | Met a Derelict bent on vengeance 370 | -10/Mines | Build established: Mutant 629 | -10/Mines | Core integrity fell below 50% 710 | -10/Mines | Discovered new exit (range 12) 914 | -10/Mines | Found a damaged Exp. Sensor Array with a note attached 917 | -10/Mines | Found Prototype Device 967 | -10/Mines | Discovered new exit (range 5) 975 | -10/Mines | Entered Materials 975 | -9/Materials | Evolved 2 slots: Propulsion x1, Utility x1 975 | -9/Materials | Identified Exp. Sensor Array 976 | -9/Materials | Identified exit to Mines 1189 | -9/Materials | Core integrity fell below 50% 1216 | -9/Materials | Core integrity fell below 20% 1227 | -9/Materials | Discovered new exit (range 4) 1233 | -9/Materials | Entered another Materials area 1233 | -8/Materials | Evolved 2 slots: Propulsion x1, Utility x1 1243 | -8/Materials | Lost 10 parts (2p3n2u3w) 1546 | -8/Materials | Crushed by falling debris 1617 | -8/Materials | Core integrity fell below 50% 1644 | -8/Materials | Lost 7 parts (4n2u1w) 1673 | -8/Materials | Discovered new exit (range 9) 1684 | -8/Materials | Entered Storage 1768 | -8/Storage | System corruption reached 10% 1776 | -8/Storage | Core integrity fell below 20% 1799 | -8/Storage | Lost 7 parts (1p3n2u1w) 1852 | -8/Storage | Destroyed by S-10 Pest with Light Assault Rifle Last Messages --------------- 01771_ S-10 Pest destroyed. 01778_ System corrupted: Energy discharge (-33). 01788_ K-01 Serf collects debris. 01795_ System corrupted: Energy discharge (-33). 01796_ K-01 Serf collects debris. 01814_ O-16 Technician: "IFF HANDSHAKE FAILED. SECURING TERMINAL." 01817_ Connecting with Door Terminal... >>Open(Door) Sealed Heavy Doors opened. 01818_ Acquired Drone Bay. 01821_ Drone released from Drone Bay. 01821_ System corrupted: Matter fused (-8). 01822_ Drone released from Drone Bay. 01823_ Drone retrieved by Drone Bay. 01836_ 0DK60SMDEEY:I:YTCK